General information
- name: BNet
- type: Ladder team game (AT/RT)
- host: Battle.net
- saver: JeremiahJohnson
map: MarketSquare
- players: 8
- length: 33:16
- speed: Fast
- version: 1.24 W3XP
- replay type: Public
» download(259 KB)
Players
team 1 (loser)
URMOMISFAT (
yellow | 69 APM | 2281 actions | 33:15)
6 Death Knight
3 Death Coil
2 Unholy Aura
1 Animate Dead
5 Lich
3 Frost Nova
2 Frost Armor
2 Crypt Lord
1 Impale
1 Spiked Carapace
» actions
| Assign group hotkey | 95 | |
| Basic commands | 1 | |
| Build / train | 79 | |
| Enter build submenu | 22 | |
| Enter hero's abilities submenu | 13 | |
| Give item / drop item | 3 | |
| Right click | 1672 | |
| Select / deselect | 247 | |
| Select group hotkey | 42 | |
| Use ability | 107 | |
2281 total
» units
| Acolyte | 18 | |
| Ghoul | 4 | |
| Crypt Fiend | 9 | |
| Obsidian Statue | 3 | |
| Banshee | 1 | |
| Frost Wyrm | 1 | |
36 total
» upgrades
| Banshee Training | 2 | |
| Burrow | 1 | |
| Destroyer Form | 1 | |
| Web | 1 | |
| Freezing Breath | 1 | |
| Creature Attack | 1 | |
7 total
» buildings
| Crypt | 1 | |
| Altar of Darkness | 1 | |
| Ziggurat | 10 | |
| Graveyard | 1 | |
| Tomb of Relics | 1 | |
| Halls of the Dead | 1 | |
| Black Citadel | 1 | |
| Slaughterhouse | 1 | |
| Temple of the Damned | 1 | |
| Sacrificial Pit | 1 | |
| Boneyard | 1 | |
| Spirit Tower | 4 | |
24 total
» build order
00:21 Crypt
00:26 Altar of Darkness
00:35 Ziggurat
01:00 Graveyard
01:36 Tomb of Relics
01:56 Ziggurat
03:29 Halls of the Dead
04:03 Ziggurat
06:42 Black Citadel
06:45 Slaughterhouse
06:49 Temple of the Damned
08:31 Ziggurat
09:51 Sacrificial Pit
10:53 Ziggurat
11:46 Boneyard
13:57 Ziggurat
17:11 Ziggurat
17:13 Ziggurat
24:47 Spirit Tower
24:49 Spirit Tower
24:50 Spirit Tower
24:52 Ziggurat
25:32 Ziggurat
26:08 Spirit Tower
» items
| Rod of Necromancy | 2 | |
| Lesser Clarity Potion | 1 | |
| Sacrificial Skull | 1 | |
| Orb of Corruption | 1 | |
| Potion of Lesser Invulnerability | 1 | |
| Scroll of Protection | 2 | |
| Scroll of Healing | 2 | |
| Scroll of Town Portal | 1 | |
11 total

»
Kid_Nong-Lee (
pink | 110 APM | 3627 actions | 33:03)
5 Archmage
2 Summon Water Elemental
3 Brilliance Aura
3 Blood Mage
2 Flame Strike
1 Siphon Mana
» actions
| Assign group hotkey | 94 | |
| Basic commands | 272 | |
| Build / train | 115 | |
| ESC pressed | 15 | |
| Enter build submenu | 25 | |
| Enter hero's abilities submenu | 10 | |
| Right click | 1321 | |
| Select / deselect | 479 | |
| Select group hotkey | 1175 | |
| Use ability | 121 | |
3627 total
» units
| Peasant | 53 | |
| Footman | 6 | |
| Mortar Team | 6 | |
| Siege Engine | 5 | |
| Flying Machine | 10 | |
80 total
» upgrades
| Defend | 1 | |
| Lumber Harvesting | 2 | |
| Gunpowder | 3 | |
| Barrage | 1 | |
| Flak Cannons | 1 | |
8 total
» buildings
| Altar of Kings | 1 | |
| Farm | 10 | |
| Barracks | 1 | |
| Scout Tower | 2 | |
| Arcane Tower | 2 | |
| Arcane Vault | 1 | |
| Keep | 2 | |
| Blacksmith | 1 | |
| Lumber Mill | 1 | |
| Town Hall | 1 | |
| Workshop | 3 | |
| Castle | 1 | |
26 total
» build order
00:26 Altar of Kings
00:50 Farm
01:05 Barracks
01:17 Scout Tower
01:27 Farm
01:30 Scout Tower
02:00 Farm
02:16 Arcane Tower
02:17 Arcane Tower
02:46 Arcane Vault
02:52 Farm
02:55 Farm
04:05 Keep
05:04 Blacksmith
05:07 Lumber Mill
05:13 Town Hall
06:39 Workshop
06:45 Workshop
08:27 Workshop
09:06 Castle
11:34 Farm
11:35 Farm
11:37 Farm
13:47 Farm
13:48 Farm
» items
| Scroll of Regeneration | 2 | |
| Scroll of Town Portal | 2 | |
| Potion of Healing | 1 | |
5 total

»
papa-paparazzi (
teal | 40 APM | 1327 actions | 32:51)
8 Far Seer
3 Chain Lighting
3 Far Sight
1 Earth Quake
1 Feral Spirit
» actions
| Assign group hotkey | 29 | |
| Build / train | 71 | |
| Enter build submenu | 21 | |
| Enter hero's abilities submenu | 8 | |
| Remove unit from queue | 2 | |
| Right click | 604 | |
| Select / deselect | 307 | |
| Select group hotkey | 196 | |
| Use ability | 89 | |
1327 total
» units
| Peon | 8 | |
| Grunt | 6 | |
| Raider | 1 | |
| Shaman | 6 | |
| Wind Rider | 10 | |
| Troll Batrider | 3 | |
34 total
» upgrades
| Armor | 3 | |
| Spiked Barricades | 1 | |
| Shaman Training | 2 | |
| Ensnare | 1 | |
| Ranged Weapons | 3 | |
| Envenomed Spears | 1 | |
| Reinforced Defenses | 1 | |
| Liquid Fire | 1 | |
13 total
» buildings
| Orc Burrow | 6 | |
| Barracks | 1 | |
| Altar of Storms | 1 | |
| War Mill | 1 | |
| Voodoo Lounge | 1 | |
| Stronghold | 1 | |
| Watch Tower | 10 | |
| Spirit Lodge | 1 | |
| Beastiary | 2 | |
| Fortress | 1 | |
25 total
» build order
00:07 Orc Burrow
00:17 Barracks
00:32 Altar of Storms
01:49 Orc Burrow
02:16 War Mill
02:37 Orc Burrow
03:31 Voodoo Lounge
04:00 Stronghold
04:05 Watch Tower
04:07 Watch Tower
06:39 Spirit Lodge
06:43 Watch Tower
07:15 Beastiary
07:19 Beastiary
07:54 Orc Burrow
08:55 Fortress
12:52 Orc Burrow
13:45 Orc Burrow
17:07 Watch Tower
18:24 Watch Tower
18:25 Watch Tower
18:27 Watch Tower
18:30 Watch Tower
18:30 Watch Tower
23:59 Watch Tower
» items
| Healing Salve | 3 | |
| Lesser Clarity Potion | 2 | |
| Orb of Corruption | 1 | |
| Scroll of Town Portal | 5 | |
11 total
Earthwarrior (
purple | 129 APM | 4277 actions | 33:06)
4 Archmage
2 Blizzard
2 Brilliance Aura
4 Blood Mage
2 Flame Strike
2 Siphon Mana
» actions
| Assign group hotkey | 437 | |
| Build / train | 61 | |
| Enter build submenu | 22 | |
| Enter hero's abilities submenu | 8 | |
| Give item / drop item | 1 | |
| Right click | 1367 | |
| Select / deselect | 544 | |
| Select group hotkey | 1754 | |
| Use ability | 83 | |
4277 total
» units
| Peasant | 11 | |
| Footman | 5 | |
| Spell Breaker | 7 | |
| Priest | 8 | |
| Sorceress | 5 | |
36 total
» upgrades
| Lumber Harvesting | 1 | |
| Priest Training | 1 | |
| Sorceress Training | 1 | |
| Control Magic | 1 | |
4 total
» buildings
| Altar of Kings | 3 | |
| Barracks | 1 | |
| Farm | 11 | |
| Scout Tower | 1 | |
| Arcane Tower | 1 | |
| Arcane Vault | 2 | |
| Keep | 1 | |
| Lumber Mill | 1 | |
| Blacksmith | 1 | |
| Arcane Sanctum | 3 | |
| Castle | 1 | |
26 total
» build order
00:08 Altar of Kings
00:13 Altar of Kings
00:24 Barracks
00:37 Farm
00:53 Farm
01:40 Scout Tower
02:06 Arcane Tower
02:26 Farm
04:15 Arcane Vault
04:31 Keep
04:39 Lumber Mill
04:41 Blacksmith
04:57 Arcane Vault
06:55 Arcane Sanctum
06:56 Arcane Sanctum
06:59 Arcane Sanctum
08:03 Farm
08:05 Farm
08:12 Farm
08:13 Farm
10:17 Farm
14:00 Castle
20:05 Farm
20:05 Farm
20:06 Farm
22:37 Altar of Kings
» items
| Scroll of Regeneration | 1 | |
| Lesser Clarity Potion | 3 | |
| Potion of Healing | 1 | |
| Scroll of Town Portal | 3 | |
8 total
team 2 (winner)

»
mis.click (
orange | 96 APM | 3207 actions | 33:15)
6 Archmage
3 Summon Water Elemental
2 Brilliance Aura
1 Mass Teleport
6 Mountain King
3 Storm Bolt
2 Thunder Clap
1 Avatar
» actions
| Assign group hotkey | 58 | |
| Basic commands | 126 | |
| Build / train | 132 | |
| ESC pressed | 3 | |
| Enter build submenu | 24 | |
| Enter hero's abilities submenu | 13 | |
| Give item / drop item | 6 | |
| Remove unit from queue | 4 | |
| Right click | 1045 | |
| Select / deselect | 384 | |
| Select group hotkey | 1279 | |
| Use ability | 133 | |
3207 total
» units
| Peasant | 50 | |
| Footman | 11 | |
| Gryphon Rider | 9 | |
| Knight | 3 | |
73 total
» upgrades
| Masonry | 4 | |
| Lumber Harvesting | 3 | |
| Swords | 4 | |
| Armor | 3 | |
| Storm Hammers | 1 | |
| Plating | 1 | |
16 total
» buildings
| Altar of Kings | 1 | |
| Barracks | 1 | |
| Farm | 14 | |
| Scout Tower | 8 | |
| Arcane Tower | 3 | |
| Town Hall | 4 | |
| Arcane Vault | 1 | |
| Lumber Mill | 1 | |
| Keep | 3 | |
| Blacksmith | 1 | |
| Castle | 1 | |
| Gryphon Aviary | 2 | |
| Guard Tower | 1 | |
41 total
» build order
00:08 Altar of Kings
00:21 Barracks
00:36 Farm
00:39 Farm
01:27 Farm
01:48 Scout Tower
02:21 Arcane Tower
02:21 Arcane Tower
02:21 Arcane Tower
03:27 Farm
03:49 Town Hall
04:16 Arcane Vault
04:37 Lumber Mill
06:16 Keep
06:16 Keep
06:17 Keep
06:43 Farm
06:43 Farm
06:45 Blacksmith
08:12 Farm
08:13 Farm
08:14 Farm
08:14 Farm
08:38 Castle
09:13 Gryphon Aviary
09:16 Gryphon Aviary
13:40 Town Hall
14:04 Town Hall
22:00 Farm
22:01 Farm
22:01 Farm
25:22 Scout Tower
25:23 Scout Tower
25:23 Scout Tower
25:24 Scout Tower
26:13 Guard Tower
28:13 Town Hall
30:11 Farm
30:56 Scout Tower
30:59 Scout Tower
31:04 Scout Tower
31:26 Guard Tower
» items
| Scroll of Regeneration | 3 | |
| Potion of Healing | 6 | |
| Scroll of Town Portal | 3 | |
| Orb of Fire | 1 | |
| Lesser Clarity Potion | 1 | |
14 total
ImWorking (
red | 63 APM | 974 actions | 15:30)
3 Archmage
2 Summon Water Elemental
1 Brilliance Aura
1 Paladin
1 Holy Light
» actions
| Assign group hotkey | 27 | |
| Basic commands | 106 | |
| Build / train | 80 | |
| Enter build submenu | 31 | |
| Enter hero's abilities submenu | 4 | |
| Remove unit from queue | 2 | |
| Right click | 244 | |
| Select / deselect | 207 | |
| Select group hotkey | 206 | |
| Use ability | 67 | |
974 total
» units
| Peasant | 33 | |
| Rifleman | 2 | |
| Sorceress | 2 | |
| Priest | 2 | |
| Siege Engine | 2 | |
| Mortar Team | 2 | |
| Knight | 8 | |
51 total
» upgrades
| Masonry | 1 | |
| Lumber Harvesting | 2 | |
| Gunpowder | 2 | |
| Armor | 1 | |
| Plating | 3 | |
| Swords | 2 | |
| Priest Training | 1 | |
| Sorceress Training | 1 | |
| Barrage | 1 | |
| Fragmentation Shards | 1 | |
| Animal War Training | 1 | |
16 total
» buildings
| Lumber Mill | 3 | |
| Farm | 18 | |
| Altar of Kings | 1 | |
| Blacksmith | 1 | |
| Barracks | 3 | |
| Scout Tower | 1 | |
| Arcane Tower | 1 | |
| Town Hall | 1 | |
| Keep | 1 | |
| Castle | 2 | |
| Arcane Sanctum | 2 | |
| Workshop | 8 | |
| Gryphon Aviary | 1 | |
43 total
» build order
00:16 Lumber Mill
00:50 Farm
00:51 Farm
01:06 Altar of Kings
01:23 Blacksmith
01:39 Barracks
01:50 Farm
01:51 Farm
02:42 Scout Tower
03:10 Arcane Tower
04:54 Town Hall
05:46 Keep
06:42 Lumber Mill
06:44 Castle
08:10 Castle
08:16 Arcane Sanctum
08:18 Arcane Sanctum
08:28 Workshop
08:29 Workshop
08:31 Workshop
09:22 Workshop
09:29 Workshop
09:30 Workshop
09:31 Workshop
09:46 Barracks
09:48 Barracks
10:39 Workshop
11:50 Farm
11:50 Farm
11:51 Farm
11:51 Farm
12:43 Farm
12:43 Farm
12:55 Farm
12:56 Farm
12:56 Farm
12:57 Farm
13:17 Farm
14:10 Lumber Mill
14:24 Farm
15:07 Gryphon Aviary
15:08 Farm
15:08 Farm

»
JeremiahJohnson (
green | 79 APM | 2645 actions | 33:16)
10 Pandaren Brewmaster
3 Breath of Fire
3 Drunken Haze
1 Storm Earth and Fire
3 Drunken Brawler
1 Paladin
1 Holy Light
5 Mountain King
2 Bash
3 Storm Bolt
» actions
| Assign group hotkey | 116 | |
| Basic commands | 48 | |
| Build / train | 120 | |
| ESC pressed | 4 | |
| Enter build submenu | 69 | |
| Enter hero's abilities submenu | 17 | |
| Give item / drop item | 3 | |
| Right click | 1113 | |
| Select / deselect | 333 | |
| Select group hotkey | 655 | |
| Use ability | 167 | |
2645 total
» units
| Peasant | 23 | |
| Footman | 12 | |
| Gryphon Rider | 8 | |
| Mortar Team | 3 | |
| Knight | 2 | |
| Priest | 1 | |
| Sorceress | 3 | |
52 total
» upgrades
| Defend | 1 | |
| Masonry | 4 | |
| Animal War Training | 1 | |
| Storm Hammers | 1 | |
| Swords | 3 | |
| Armor | 1 | |
| Priest Training | 1 | |
| Sorceress Training | 1 | |
13 total
» buildings
| Barracks | 1 | |
| Farm | 17 | |
| Altar of Kings | 1 | |
| Keep | 1 | |
| Scout Tower | 40 | |
| Lumber Mill | 1 | |
| Arcane Tower | 1 | |
| Castle | 1 | |
| Guard Tower | 13 | |
| Blacksmith | 1 | |
| Gryphon Aviary | 3 | |
| Town Hall | 7 | |
| Arcane Vault | 1 | |
88 total
» build order
00:08 Barracks
00:20 Farm
00:51 Farm
00:55 Altar of Kings
01:28 Farm
02:20 Farm
02:52 Farm
03:53 Keep
03:56 Scout Tower
03:59 Scout Tower
04:03 Lumber Mill
04:27 Arcane Tower
04:28 Scout Tower
04:31 Scout Tower
06:22 Castle
06:23 Guard Tower
07:26 Blacksmith
08:46 Gryphon Aviary
08:46 Gryphon Aviary
08:47 Gryphon Aviary
09:14 Farm
09:14 Farm
09:15 Farm
10:16 Scout Tower
10:17 Scout Tower
11:27 Town Hall
13:24 Scout Tower
13:25 Scout Tower
13:26 Scout Tower
13:53 Guard Tower
14:03 Guard Tower
14:03 Guard Tower
14:39 Town Hall
17:57 Arcane Vault
18:26 Scout Tower
18:27 Scout Tower
18:28 Scout Tower
18:28 Scout Tower
18:31 Scout Tower
18:38 Scout Tower
18:39 Scout Tower
18:41 Scout Tower
18:59 Guard Tower
19:01 Guard Tower
21:24 Farm
21:25 Farm
21:25 Farm
21:25 Farm
21:26 Farm
21:33 Farm
22:37 Scout Tower
22:37 Scout Tower
22:38 Scout Tower
22:39 Scout Tower
22:40 Scout Tower
22:40 Scout Tower
22:40 Scout Tower
23:30 Town Hall
24:05 Farm
24:25 Guard Tower
25:10 Scout Tower
25:11 Scout Tower
25:11 Scout Tower
25:11 Scout Tower
25:12 Scout Tower
25:24 Town Hall
25:52 Guard Tower
25:53 Scout Tower
25:54 Scout Tower
25:54 Scout Tower
25:55 Scout Tower
26:33 Guard Tower
26:43 Guard Tower
26:44 Guard Tower
27:04 Guard Tower
27:48 Town Hall
28:05 Town Hall
28:39 Scout Tower
28:39 Scout Tower
28:40 Scout Tower
28:46 Scout Tower
28:47 Scout Tower
30:59 Guard Tower
31:27 Town Hall
» items
| Boots of Speed | 2 | |
| Staff of Teleportation | 1 | |
| Lesser Clarity Potion | 2 | |
| Scroll of Town Portal | 11 | |
| Scroll of Regeneration | 3 | |
19 total

»
jeffhealy (
blue | 46 APM | 274 actions | 05:59)
2 Mountain King
1 Storm Bolt
1 Bash
» actions
| Build / train | 23 | |
| Enter build submenu | 13 | |
| Enter hero's abilities submenu | 2 | |
| Right click | 125 | |
| Select / deselect | 93 | |
| Use ability | 18 | |
274 total
» units
| Peasant | 9 | |
| Footman | 3 | |
| Rifleman | 6 | |
18 total
» buildings
| Altar of Kings | 1 | |
| Farm | 6 | |
| Barracks | 1 | |
| Blacksmith | 1 | |
| Scout Tower | 1 | |
| Arcane Tower | 1 | |
| Arcane Vault | 1 | |
| Keep | 1 | |
| Lumber Mill | 1 | |
14 total
» build order
00:07 Altar of Kings
00:21 Farm
00:52 Barracks
01:19 Farm
01:51 Blacksmith
01:59 Farm
02:14 Scout Tower
02:41 Arcane Tower
03:00 Arcane Vault
03:43 Farm
04:21 Keep
04:24 Farm
04:30 Farm
04:53 Lumber Mill
Chat log
(00:15 / Allies) jeffhealy: rifle/priest
(00:40 / Allies) ImWorking: i was gonna priest 2 u wanna sorc or no?
(00:46 / Allies) jeffhealy: yep
(00:47 / Allies) JeremiahJohnson: lol
(00:51 / Allies) mis.click: i go gryph then...
(00:58 / Allies) jeffhealy: ned melee some1
(00:58 / Allies) ImWorking: melee green?
(01:04 / Allies) ImWorking: ill aa
(01:06 / Allies) jeffhealy: strait melee we got the casters
(01:12 / All) URMOMISFAT: u guys know how p.i.m.p.i.n is?
(01:16 / Allies) mis.click: wtf
(01:16 / All) URMOMISFAT: who^
(01:19 / Allies) mis.click: 4 hu just realized
(01:20 / Allies) mis.click: shit
(01:21 / All) URMOMISFAT: u recognize the name?
(01:36 / Allies) mis.click: 4 hu we shouldve just rush this shit...
(01:43 / All) URMOMISFAT: w/e this kid accuses me of mhing
(01:48 / All) URMOMISFAT: so i solo him with map visible
(01:54 / All) JeremiahJohnson: i dont want to hear about it
(02:01 / All) JeremiahJohnson: going dk fiends every game is owrse than hacking
(02:10 / All) URMOMISFAT: and gets owned... then he accuses me that i have more exp hacking
(02:28 / All) URMOMISFAT: actually i started playing ud again i usually play NE
(02:34 / All) JeremiahJohnson: u have like 2400 ud games
(02:36 / All) JeremiahJohnson: all dk fiends
(02:44 / All) URMOMISFAT: true
(03:06 / All) URMOMISFAT: yet again
(03:06 / All) JeremiahJohnson: if losing to dk fiends bothered me i couldnt play this game
(03:44 / Allies) JeremiahJohnson: lets creep th emiddle now
(03:50 / Allies) JeremiahJohnson: jeff are you on dialup or something
(03:51 / Allies) JeremiahJohnson: its 2011
(03:54 / Allies) jeffhealy: lets go
(04:44 / Allies) jeffhealy: omw
(05:13 / Allies) mis.click: coming
(05:33 / Allies) ImWorking: heros
(05:55 / Allies) JeremiahJohnson: ffs
(05:59 / Allies) ImWorking: i can get him
(06:29 / All) URMOMISFAT: wow
(06:31 / All) URMOMISFAT: how we lose that
(06:37 / Allies) JeremiahJohnson: do mid fast
(07:45 / All) URMOMISFAT: nice teams
(07:47 / All) URMOMISFAT: for real
(10:15 / All) URMOMISFAT: well my team terrible so u might win
(11:24 / Allies) JeremiahJohnson: who said they taking leaver
(11:25 / Allies) JeremiahJohnson: u lied
(11:50 / All) URMOMISFAT: U GUYS READY FOR MASS AIR?
(13:00 / Allies) mis.click: lets hit together?
(13:04 / Allies) JeremiahJohnson: we already lost
(13:58 / All) ImWorking: wood pls
(14:27 / Allies) ImWorking: wood pls
(14:39 / All) URMOMISFAT: WHY IS IT U ALWAYS GET THE GOOD ALLIES
(14:56 / Allies) JeremiahJohnson: back
(15:07 / Allies) JeremiahJohnson: no suicide pls
(15:07 / All) URMOMISFAT: ROFL
(15:12 / Allies) JeremiahJohnson: back
(15:13 / Allies) JeremiahJohnson: tp out
(15:14 / Allies) JeremiahJohnson: no sui
(15:34 / Allies) mis.click: wtf
(15:36 / All) URMOMISFAT: WOW U GUYS ARE BAD
(16:08 / All) URMOMISFAT: HAVING FUN OJ?
(16:14 / Allies) mis.click: chill
(18:06 / All) URMOMISFAT: THATS SO LIKE U
(18:10 / All) URMOMISFAT: ATTACK WHEN IM NOT THERE
(19:10 / All) URMOMISFAT: WOW UR SUCH A LITTLE BITCH
(20:38 / All) URMOMISFAT: NO GOLD LOL
(20:43 / All) URMOMISFAT: GJ U TOOK OUT THE ONLY GOOD PLAYER
(20:46 / All) URMOMISFAT: U MIGHT WIN
(20:49 / All) JeremiahJohnson: dk fiends noob
(20:52 / All) JeremiahJohnson: playing on easy mode
(21:08 / All) URMOMISFAT: THIS TEAM IS SHIT
(21:16 / All) URMOMISFAT: NO ONE PLAYS AS A TEAM
(24:03 / All) URMOMISFAT: HACK MORE NEWB
(25:13 / Allies) JeremiahJohnson: tower up a lot
(27:04 / Allies) JeremiahJohnson: tp
(27:36 / Allies) JeremiahJohnson: b
(27:38 / All) URMOMISFAT: WOW WHERES PINK AND PURP
(27:48 / All) URMOMISFAT: FUCKING NEWBS
(27:55 / Allies) JeremiahJohnson: we can win with hit and run
(27:57 / Allies) JeremiahJohnson: just tower a shit load
(28:44 / Allies) mis.click: leave or what
(28:54 / Allies) mis.click: u wanan control red
(28:55 / Allies) mis.click: ?
(29:14 / All) URMOMISFAT: WOW
(29:19 / All) URMOMISFAT: U TP TO PURP TEAL SERIOUSLY
(29:23 / All) URMOMISFAT: FUCKING NEWB TRASH
(30:18 / All) URMOMISFAT: THATS GAME
(30:19 / All) URMOMISFAT: GJ
(30:23 / All) URMOMISFAT: 3 IDIOTS
(30:40 / All) URMOMISFAT: AND GREEN HACKS
(30:42 / All) URMOMISFAT: AS U CAN SEE
(31:42 / Allies) mis.click: tower up?
(31:46 / Allies) JeremiahJohnson: face the mnow
(31:47 / Allies) JeremiahJohnson: dont hit orc
(31:48 / Allies) JeremiahJohnson: no sui
(31:55 / Allies) JeremiahJohnson: meet mid
(31:58 / Allies) mis.click: k
(32:10 / Allies) JeremiahJohnson: meet then go
(32:25 / All) URMOMISFAT: JUST BE THANKFUL GREEN HACKS
(32:27 / All) URMOMISFAT: AND TOOK ME OUT
(32:29 / All) JeremiahJohnson: dk fiends rat
(32:32 / All) URMOMISFAT: CAUSE I WOULD HAVE RAPED ALL U NEWBS
(32:52 / All) JeremiahJohnson: why autoweb not autowin?
(32:57 / All) URMOMISFAT: HE TPS THEN QUITS
(32:58 / All) URMOMISFAT: LOL
(33:08 / All) URMOMISFAT: LOVE IT
(33:12 / All) URMOMISFAT: CATCH U NEXT TIME NEWB